 Dungeon Crawl Stone Soup version 0.23.2-40-g277498a001 (webtiles) character file.

Game seed: 17509672588888465004

4305 DildoBatman the Stinger (level 10, -1/71 HPs)
             Began as a Formicid Wizard on Sept 13, 2019.
             Was a Priest of Kikubaaqudgha.
             Slain by a hippogriff (6 damage)
             ... on level 8 of the Dungeon.
             The game lasted 00:31:19 (7726 turns).

DildoBatman the Stinger (Formicid Wizard)           Turns: 7726, Time: 00:31:20

Health: -1/71      AC:  2    Str: 12    XL:     10   Next: 58%
Magic:  18/18      EV: 12    Int: 24    God:    Kikubaaqudgha [***...]
Gold:   354        SH:  0    Dex:  9    Spells: 8/20 levels left

rFire    + . .     SeeInvis +   b - +2 trident (venom)
rCold    . . .     Gourm    .   (no shield)
rNeg     . . .     Faith    .   K - +0 robe
rPois    .         Spirit   .   (helmet unavailable)
rElec    .         Reflect  .   (no cloak)
rCorr    .         Harm     .   (no gloves)
MR       +....                  (no boots)
Stlth    +++.......             m - amulet of magic regeneration
HPRegen  0.21/turn              A - +3 ring of intelligence
MPRegen  0.41/turn              Q - ring of protection from fire

@: no status effects
A: permanent stasis, dig shafts and tunnels, four strong arms, antennae 3
a: Dig, Shaft Self, Receive Corpses, Renounce Religion


You were on level 8 of the Dungeon.
You worshipped Kikubaaqudgha.
Kikubaaqudgha was most pleased with you.
You were not hungry.

You visited 2 branches of the dungeon, and saw 9 of its levels.
You also visited: Sewer.

You collected 354 gold pieces.

Inventory:

Hand Weapons
 a - a +4 trident of freezing
 b - a +2 trident of venom (weapon)
 c - the +4 hunting sling of Dithmenos's Favour {freeze, rElec MR- Str+2 Dex+4}
   (You found it on level 7 of the Dungeon)

   It causes projectiles fired from it to freeze those they strike, causing
   extra injury to most foes and up to half again as much damage against
   particularly susceptible opponents.
   They can also slow down cold-blooded creatures.
   It affects your strength (+2).
   It affects your dexterity (+4).
   It insulates you from electricity.
   It affects your resistance to hostile enchantments.
 q - a +0 blowgun
 O - a +0 trident
 R - a +0 vampiric whip
Missiles
 g - 359 stones (quivered)
 h - 82 arrows
 r - 55 poisoned needles
 s - 4 throwing nets
 C - 63 bolts
 F - 15 tomahawks
 I - 8 curare-tipped needles
Armour
 G - a +0 shield
 K - a +0 robe (worn)
Jewellery
 m - an amulet of magic regeneration (around neck)
 A - a +3 ring of intelligence (left hand)
 Q - a ring of protection from fire (right hand)
Scrolls
 e - 4 scrolls of enchant weapon
 i - a scroll of enchant armour {unknown}
 j - 2 scrolls of noise {unknown}
 p - 3 scrolls of fear
 x - 2 scrolls of remove curse
 E - 5 scrolls of amnesia
 H - 4 scrolls of identify
 N - a scroll of magic mapping
 P - 2 scrolls of brand weapon {unknown}
Potions
 d - 4 potions of curing {unknown}
 f - a potion of cancellation {unknown}
 k - 2 potions of agility {unknown}
 l - 4 potions of flight
 n - a potion of magic {unknown}
 o - 3 potions of lignification {unknown}
 u - 2 potions of ambrosia {unknown}
 y - 2 potions of brilliance {unknown}
 B - 4 potions of heal wounds
 D - a potion of berserk rage {unknown}
 J - a potion of resistance {unknown}
 M - a potion of degeneration {unknown}
Comestibles
 v - 17 rations


   Skills:
 * Level 3.8 Fighting
 - Level 4.0 Polearms
 - Level 1.7 Dodging
 - Level 6.0 Stealth
 * Level 5.5 Spellcasting
 - Level 5.0 Conjurations
 * Level 3.4 Charms
   Level 1.0 Summonings
 * Level 4.1 Necromancy
   Level 0.8 Translocations
 - Level 5.0 Fire Magic
 * Level 4.5 Air Magic
 - Level 6.0 Poison Magic


You had 8 spell levels left.
You knew the following spells:

 Your Spells              Type           Power        Failure   Level  Hunger
a - Conjure Flame         Conj/Fire      ####....     3%          3    #......
c - Magic Dart            Conj           ####         1%          1    None
d - Regeneration          Chrm/Necr      ####......   5%          3    #......
e - Mephitic Cloud        Conj/Pois/Air  ####....     3%          3    #......
z - Sublimation of Blood  Necr           ####......   2%          2    None

Your spell library contained the following spells:

 Spells                   Type           Power        Failure   Level  Hunger
 Animate Skeleton         Necr           N/A          1%          1    None
 Pain                     Necr           ####         1%          1    None
 Summon Small Mammal      Summ           ##..         5%          1    None
 Call Imp                 Summ           ##......     9%          2    None
 Slow                     Hex            #.......     13%         2    None
 Call Canine Familiar     Summ           ##......     17%         3    #......
 Summon Guardian Golem    Hex/Summ       #.......     21%         3    #......
 Summon Lightning Spire   Summ/Air       ###.....     26%         4    ###....
 Agony                    Necr           ####....     38%         5    #####..
 Dispel Undead            Necr           ####....     38%         5    #####..
 Excruciating Wounds      Chrm/Necr      ####......   43%         5    #####..
 Summon Ice Beast         Ice/Summ       #.......     56%         4    ###....
 Death Channel            Necr           ####......   93%         6    ######.
 Simulacrum               Ice/Necr       ###.......   99%         6    ######.
 Blink                    Tloc           Unusable     N/A         2    N/A

Dungeon Overview and Level Annotations

Branches:
Dungeon (8/15)             Temple (1/1) D:6
   Lair: D:8-11

Altars:
Ashenzari
Cheibriados
Dithmenos
Elyvilon
Fedhas
Gozag
Hepliaklqana
Kikubaaqudgha
Makhleb
Nemelex Xobeh
Qazlal
Ru
Sif Muna
Trog
Uskayaw
Wu Jian
Xom
Yredelemnul
Zin
The Shining One

Shops:
D:4 %

Annotations:
D:7 2 transporters, kalagan's ghost, novice DESu


Innate Abilities, Weirdness & Mutations

You cannot be hasted, slowed, berserked, paralysed or teleported.
You can dig through walls and to a lower floor.
Your four strong arms can wield two-handed weapons with a shield.
You have a pair of large antennae on your head. (SInv)


Message History

The hippogriff looks as sick as possible!
The hippogriff is severely wounded.
The jackal bites you. The hippogriff bites you. The hippogriff pecks you.
The hippogriff claws you! The jackal bites you. The jackal closely misses you.
The hippogriff barely misses you. The hippogriff completely misses you.
The hippogriff claws you!
You puncture the hippogriff!
The hippogriff is almost dead.
The jackal bites you. The jackal misses you. The hippogriff bites you!
The hippogriff pecks you! The hippogriff claws you.
You die...
Kikubaaqudgha rasps: "You have failed me!
Welcome... death!"

.<.##.# ......
########.../#
#...........###.
.##...............
..#.......a....#
........hhH...##.
#.......@.......
#...........#...
.##.......#...#..#
..............#..#
######'#######..#
#..........####
#.......#.....#
##.#.......##.#
#.........##.#


You could see a hippogriff, a worker ant and 2 jackals.

Vanquished Creatures
  A two-headed ogre (D:7)
  Grinder (D:5)
  A spriggan (D:7)
  A soldier ant (D:7)
  2 sky beasts
  An ice beast (D:6)
  A black bear (D:7)
  4 ogres
  2 phantoms
  2 necrophages
  4 big kobolds
  5 bullfrogs
  A water moccasin skeleton (D:5)
  4 scorpions
  8 wights (D:7)
  3 killer bees (D:4)
  2 bullfrog zombies
  2 crimson imps (D:6)
  3 hounds
  5 orc priests
  A jelly (D:7)
  A centaur skeleton (D:6)
  5 orc wizards
  A gnoll shaman (D:4)
  5 worker ants
  2 hound zombies
  A worker ant zombie (D:6)
  18 adders
  8 gnolls
  2 river rats (Sewer)
  2 adder skeletons
  2 dart slugs
  4 leopard geckos
  28 orcs
  7 giant cockroaches
  9 hobgoblins
  10 jackals
  4 quokkas
  3 ball pythons
  6 bats
  6 frilled lizards
  8 goblins
  A jackal skeleton (D:6)
  28 kobolds
  A leopard gecko skeleton (D:6)
  A leopard gecko zombie (D:5)
  8 rats
225 creatures vanquished.

Notes
Turn   | Place    | Note
-------+----------+-------------------------------------------
     0 | D:1      | DildoBatman the Formicid Wizard began the quest for the
                  | Orb.
     0 | D:1      | Reached XP level 1. HP: 13/13 MP: 4/4
    15 | D:1      | Reached skill level 1 in Conjurations
   121 | D:1      | Reached XP level 2. HP: 12/19 MP: 0/6
   571 | D:1      | Reached XP level 3. HP: 24/24 MP: 2/7
   577 | D:1      | Learned a level 3 spell: Conjure Flame
   581 | D:1      | Learned a level 3 spell: Mephitic Cloud
  1390 | D:2      | Reached XP level 4. HP: 30/30 MP: 2/8
  1549 | D:2      | Found a shimmering altar of Xom.
  1917 | D:2      | Reached XP level 5. HP: 35/35 MP: 6/9
  2408 | D:3      | Reached skill level 5 in Conjurations
  2408 | D:3      | Reached XP level 6. HP: 41/41 MP: 0/10
  2478 | D:3      | Found a hide-covered altar of Uskayaw.
  2479 | D:3      | Found a hazy altar of Hepliaklqana.
  2772 | D:3      | Reached skill level 1 in Poison Magic
  2780 | D:3      | Reached skill level 1 in Fire Magic
  2833 | D:3      | Found an ornate altar of the Wu Jian Council.
  2954 | D:3      | Reached skill level 1 in Air Magic
  3281 | D:4      | Reached XP level 7. HP: 30/46 MP: 6/12
  3396 | D:4      | Found a sacrificial altar of Ru.
  3528 | D:4      | Found Xyocutio's Food Shoppe.
  3949 | D:5      | Entered Level 5 of the Dungeon
  3961 | D:5      | Found a glowing silver altar of Zin.
  4028 | D:5      | Reached skill level 1 in Polearms
  4057 | D:5      | Found an opulent altar of Gozag.
  4249 | D:5      | Found a glowing drain.
  4261 | Sewer    | Entered a sewer
  4264 | Sewer    | Reached XP level 8. HP: 52/52 MP: 11/14
  4716 | D:5      | Noticed Grinder
  4772 | D:6      | Found a staircase to the Ecumenical Temple.
  4790 | Temple   | Entered the Ecumenical Temple
  5008 | D:6      | HP: 2/52 [cloud of noxious fumes (2)]
  5038 | D:6      | Found a snail-covered altar of Cheibriados.
  5128 | D:5      | Found an ancient bone altar of Kikubaaqudgha.
  5132 | D:5      | Became a worshipper of Kikubaaqudgha
  5508 | D:5      | Killed Grinder
  5508 | D:5      | Reached skill level 1 in Necromancy
  5508 | D:5      | Reached skill level 5 in Poison Magic
  5508 | D:5      | Reached XP level 9. HP: 56/57 MP: 3/15
  5607 | D:5      | Reached skill level 5 in Stealth
  5937 | D:4      | Reached * piety under Kikubaaqudgha
  5937 | D:4      | Identified Kikubaaqudgha's Guide on Evil Rites
                  | (Kikubaaqudgha gifted it to you on level 4 of the Dungeon)
  5937 | D:4      | Received a gift from Kikubaaqudgha
  5973 | D:4      | Learned a level 3 spell: Regeneration
  5976 | D:4      | Learned a level 2 spell: Sublimation of Blood
  6251 | D:6      | Reached skill level 1 in Fighting
  6259 | D:6      | Reached skill level 1 in Charms
  6754 | D:7      | Reached ** piety under Kikubaaqudgha
  6790 | D:7      | Reached XP level 10. HP: 67/67 MP: 14/16
  6951 | D:7      | Reached skill level 5 in Fire Magic
  7028 | D:7      | Reached skill level 5 in Spellcasting
  7160 | D:7      | Noticed a two-headed ogre
  7169 | D:7      | Killed a two-headed ogre
  7171 | D:7      | Found a transporter.
  7177 | D:7      | Noticed kalagan's ghost (novice DESu)
  7289 | D:7      | Identified the +7 dire flail of Fortitude {protect, rPois
                  | MP+9 Stlth+}
  7289 | D:7      | Noticed a two-headed ogre
  7293 | D:7      | Found a transporter.
  7514 | D:7      | Reached *** piety under Kikubaaqudgha
  7514 | D:7      | Identified Kikubaaqudgha's Disquisition on Sinister Rituals
                  | (Kikubaaqudgha gifted it to you on level 7 of the Dungeon)
  7514 | D:7      | Received a gift from Kikubaaqudgha
  7650 | D:7      | Got a bone hunting sling
  7653 | D:7      | Identified the +4 hunting sling of Dithmenos's Favour
                  | {freeze, rElec MR- Str+2 Dex+4} (You found it on level 7 of
                  | the Dungeon)
  7726 | D:8      | Slain by a hippogriff

Skill      XL: |  1  2  3  4  5  6  7  8  9 10 |
---------------+-------------------------------+-----
Conjurations   | 1 2 3 4 5 |  5.0
Poison Magic   | 2 3 5 6 |  6.0
Fire Magic     | 1 2 3 4 5 |  5.0
Air Magic      | 1 2 3 4 |  4.5
Spellcasting   | 4 5 |  5.5
Stealth        | 3 4 6 |  6.0
Polearms       | 1 2 4 |  4.0
Necromancy     | 1 2 4 |  4.1
Fighting       | 2 3 |  3.8
Charms         | 1 3 |  3.4
Dodging        | |  1.7
Summonings     | |  1.0
Translocations | |  0.8

Action                   |  1- 3 |  4- 6 |  7- 9 | 10-12 || total
-------------------------+-------+-------+-------+-------++-------
Melee: Club              |    11 |     2 |       |       ||    13
       Mace              |       |     8 |       |       ||     8
       Falchion          |       |    10 |       |       ||    10
       Flail             |       |     2 |     5 |       ||     7
       Trident           |       |       |   227 |    94 ||   321
 Fire: Hunting sling     |       |     4 |     2 |       ||     6
 Cast: Magic Dart        |    74 |   109 |   164 |    61 ||   408
       Mephitic Cloud    |       |    15 |    16 |    10 ||    41
       Conjure Flame     |       |     1 |    34 |    11 ||    46
       Regeneration      |       |       |       |     1 ||     1
 Abil: Dig               |     2 |     2 |    16 |     5 ||    25
  Use: Scroll            |       |     7 |     2 |     1 ||    10
       Potion            |       |       |     3 |       ||     3
 Stab: Confused          |       |     2 |     1 |     2 ||     5
       Sleeping          |       |       |     1 |     1 ||     2
  Eat: Chunk             |     2 |     7 |    12 |     4 ||    25
       Ration            |       |       |     1 |       ||     1
Armor: Robe              |     5 |     6 |    19 |     4 ||    34
Dodge: Dodged            |    18 |    36 |    72 |    30 ||   156
       Rpst.: Falchion   |       |     1 |       |       ||     1
